AoeStats
← Alonchobjj

Nomad

509957059Analyzed
2v2 RM · 4d ago on Sep 28, 2026· 60m 48s· 4 players
Game mode
Random Map
Map size
176×176
Population
200
Speed
Normal
Resources
Standard
Victory
Conquest
Starting age
Dark Age
Ending age
Imperial Age
RankedLock teamsTeams togetherTeam positionsShared explorationLock speedFull tech treeHidden civsTurbo modeCheats
Victory
Defeat
🇪🇸 Japanese · Spain
876
+17
🇪🇸 Mongols · Spain
865
+18
🇨🇿 Persians · Czechia
931
-18
🇦🇷 Japanese · Argentina
885
-17
Sir_Marx
14:16 Feudal Age
14:31 Man-at-Arms
16:39 Fishing Lines
20:15 Forging
20:24 Horse Collar
20:47 Double-Bit Axe
25:40 Castle Age
24:04 Stone Mining
24:20 Arson
25:40 Gold Mining
27:33 Gambesons
27:46 Long Swordsman
29:30 Scale Mail Armor
32:26 Gold Shaft Mining
33:03 Iron Casting
32:42 Heavy Plow
34:19 Chain Mail Armor
33:51 Demolition Ship
34:58 Medium Warships
37:33 Bow Saw
41:42 Imperial Age
41:56 Elite Samurai
42:04 Two-Handed Swordsman
46:25 Wheelbarrow
47:38 Champion
my_time_my_map
15:19 Feudal Age
18:45 Castle Age
17:00 Bloodlines
16:52 Fishing Lines
17:18 Double-Bit Axe
18:39 Loom
25:02 Wheelbarrow
25:29 Bow Saw
32:45 Forging
37:13 Iron Casting
37:23 Town Watch
jowi125
14:22 Feudal Age
15:17 Loom
22:59 Castle Age
21:47 Scale Barding Armor
23:47 Wheelbarrow
24:32 Double-Bit Axe
25:48 Bloodlines
25:47 Husbandry
29:38 Stone Mining
29:30 Horse Collar
32:31 Forging
34:39 Gold Mining
35:03 Bow Saw
34:55 Heavy Plow
35:37 Hand Cart
37:08 Light Cavalry
38:12 Town Watch
42:30 Imperial Age
40:29 Chain Barding Armor
40:00 Fletching
42:57 Hussar
44:07 Drill
46:05 Bodkin Arrow
46:46 Iron Casting
46:11 Padded Archer Armor
48:35 Bracer
49:39 Blast Furnace
48:50 Onager
57:16 Spies/Treason
Alonchobjj
5:06 Loom
15:16 Feudal Age
16:52 Double-Bit Axe
19:52 Castle Age
21:55 Wheelbarrow
23:47 Gold Mining
26:20 Man-at-Arms
26:23 Pikeman
29:19 Town Watch
30:11 Fletching
37:17 Imperial Age
35:39 Fishing Lines
36:24 Medium Warships
36:33 Medium Warships
36:13 Gillnets
35:48 Demolition Ship
36:19 Gillnets
36:51 Hand Cart
37:00 Bow Saw
37:27 Gold Shaft Mining
36:34 Horse Collar
38:09 Heavy Scorpion
40:08 Conscription
40:24 Hoardings
40:04 Man-at-Arms
40:29 Gambesons
43:38 Heavy Warships
42:51 Long Swordsman
43:31 Squires
43:17 Arson
44:00 Town Patrol
45:02 Caravan
45:30 Kataparuto
44:35 Two-Handed Swordsman
45:31 Forging
45:21 Scale Mail Armor
46:36 Chemistry
45:54 Clinker Construction
45:58 Careening
47:23 Iron Casting
46:11 Champion
47:55 Elite Cannon Galleon
52:03 Spies/Treason
58:36 Capped Ram
61:59 Blast Furnace
61:14 Chain Mail Armor
Connection lost

Rejoining the realm…

Still unreachable

The connection could not be restored.

Session expired

The server has moved on; the page needs a fresh start.